 Dungeon Crawl Stone Soup version 0.29-a0-839-g4793fd635e (webtiles) character file.

Game seed: 122510474213185728

18 BlueGoblin the Trooper (level 3, -1/33 HPs)
             Began as a Meteoran Abyssal Knight on July 14, 2022.
             Was a Believer of Lugonu.
             Slain by an endoplasm (2 damage)
             ... on level 2 of the Dungeon.
             The game lasted 00:02:12 (519 turns).

BlueGoblin the Trooper (Meteoran Abyssal Knight)     Turns: 519, Time: 00:02:13

Health: -1/33      AC:  3    Str: 15 (16) XL:     3   Next: 8%
Magic:  6/6        EV: 11    Int: 10 (11) God:    Lugonu [**....]
Gold:   21         SH:  0    Dex: 13 (15) Spells: 2/2 levels left

rFire   . . .      SeeInvis .   a - +1 mace
rCold   . . .      Faith    .   (no shield)
rNeg    . . .      Spirit   .   b - +0 leather armour
rPois   .          Reflect  .   (no helmet)
rElec   .          Harm     .   (no cloak)
rCorr   .          Rampage  .   (no gloves)
Will    .....                   (no boots)
Stlth   +.........              (no amulet)
HPRegen 0.11/turn               (no ring)
MPRegen 0.10/turn               (no ring)

@: glowing
A: sense surroundings 1, otherworldly, glowing, explore regen
a: Renounce Religion, Depart the Abyss, Bend Space


You were on level 2 of the Dungeon.
You worshipped Lugonu.
Lugonu was pleased with you.
You visited 1 branch of the dungeon, and saw 2 of its levels.
You visited the Abyss 1 time.

You collected 21 gold pieces.

Inventory:

Hand Weapons
 a - a +1 mace (weapon)
Armour
 b - a +0 leather armour (worn)
Potions
 c - a potion of degeneration


   Skills:
 + Level 3.7 Fighting
 + Level 3.2 Maces & Flails
 + Level 2.6 Armour
 + Level 1.3 Dodging
 + Level 2.6 Invocations


You had 2 spell levels left.
You didn't know any spells.
Your spell library contained the following spells:

 Spells                   Type           Power      Damage    Failure   Level
 Ignite Poison            Fire/Tmut/Pois 0%         N/A       80%         3
 Mephitic Cloud           Conj/Pois/Air  0%         N/A       80%         3
 Freezing Cloud           Conj/Ice/Air   0%         6-21      100%        5


Dungeon Overview and Level Annotations

Branches:
Dungeon (2/15) Zot: 669

Altars:


Innate Abilities, Weirdness & Mutations

You passively map a small area around you.
You are easily found by Zot.
You glow in the dark.
You regain HP and MP as you explore.


Message History

The endoplasm hits you.
You closely miss the adder.
The adder is moderately wounded.
The endoplasm hits you but does no damage.
The adder closely misses you. The adder bites you.
You are poisoned.
The adder poisons you!
It was a potion of degeneration.
There was something very wrong with that liquid.
You feel weakened.
You feel dopey.
You feel clumsy.
You feel sick.
The adder bites you but does no damage. x2
The adder barely misses you. The endoplasm closely misses you.
Okay, then.
The adder attacks as you move away! The adder bites you but does no damage.
You feel sick. The endoplasm freezes you.
You are frozen.
The adder bites you.
* * * LOW HITPOINT WARNING * * *
The adder attacks as you move away! The adder closely misses you.
You feel sick. The adder attacks as you move away!
The adder bites you but does no damage.
You feel sick. The endoplasm attacks as you move away! The endoplasm hits you.
* * * LOW HITPOINT WARNING * * *
The adder attacks as you move away! The adder misses you.
You feel sick. The endoplasm attacks as you move away!
The endoplasm hits you but does no damage.
You feel sick. The adder barely misses you. The adder attacks as you move away!
The adder bites you but does no damage.
You feel sick.
You are no longer poisoned.
The adder attacks as you move away! The adder misses you.
The adder attacks as you move away! The adder bites you.
* * * LOW HITPOINT WARNING * * *
The endoplasm jiggles.
The adder closely misses you. The adder attacks as you move away!
The adder barely misses you.
There is a stone staircase leading up here.
The adder closely misses you. The endoplasm hits you.
You die...

, * ,, * ,, , * *#
, , ,, #. , ,
..#######., ,, *
.......... * * , ,
.........#########
.........#@........
*
#.......JSS.......
#......##........#
*
#.......SS.......#
#.....S##........#
,
#......##........#
,
#......##........#
,
###._............#
*
#........#........#


You could see 3 adders, an endoplasm and a ball python.

Vanquished Creatures
  3 bats (D:1)
  3 endoplasms (D:1)
  2 goblins (D:1)
  2 hobgoblins (D:1)
  2 quokkas (D:1)
  A ball python (D:1)
  2 kobolds (D:1)
15 creatures vanquished.

Notes
Turn   | Place    | Note
-------+----------+-------------------------------------------
     0 | Abyss:1  | BlueGoblin the Meteoran Abyssal Knight began the quest for
                  | the Orb.
     0 | Abyss:1  | Reached XP level 1. HP: 19/19 MP: 3/3
     1 | D:1      | Escaped the Abyss
   194 | D:1      | Reached XP level 2. HP: 16/26 MP: 4/4
   463 | D:1      | Reached XP level 3. HP: 33/33 MP: 6/6
   490 | D:1      | Glimpsed the power of Zot.
   498 | D:2      | Found a faded altar of an unknown god.
   517 | D:2      | HP: 1/33 [adder (2)]
   519 | D:2      | Slain by an endoplasm

Illustrated notes

Levels and vault maps discovered:
D:1:      lemuel_arrival_behind_the_door_small, layout_loops_corners
D:2:      layout_rooms, basic_ecumenical_altar, serial_shops,
          nicolae_diamond_shop, minmay_misc_feat_chi, grunt_ministairs_11,
          minmay_misc_feat_doors, uniq_jessica, uniq_crazy_yiuf_cottage

Skill      XL: |  1  2 |
---------------+-------+-----
Maces & Flails | 3 |  3.2
Fighting       | |  3.7
Armour         | |  2.6
Dodging        | |  1.3
Invocations    | |  2.6

Action                   || total
-------------------------++-------
Melee: Mace              ||    44
       Punch             ||     1
Invok: Bend Space        ||     1
  Use: Potion            ||     1
Armor: Leather armour    ||    26
Dodge: Dodged            ||    34

Table legend: (Time is in decaauts)
 A = Elapsed time spent in this place.
 B = Non-inter-level travel time spent in this place.
 C = Inter-level travel time spent in this place.
 D = Time resting spent in this place.
 E = Time spent auto-exploring this place.
 F = Levels seen in this place.
 G = Mean time per level.
                   A        B        C        D        E       F      G
               +--------+--------+--------+--------+--------+-----+--------+
         Total |    530 |    526 |      4 |      0 |    401 |   3 |  176.7 |
       Dungeon |    529 |    525 |      4 |      0 |    401 |   2 |  264.5 |
         Abyss |      1 |      1 |      0 |      0 |      0 |   1 |    1.0 |
               +--------+--------+--------+--------+--------+-----+--------+

Top non-repeatable levels by time:
     D:1: 505 daAuts
     D:2: 24 daAuts
 Abyss:1: 1 daAuts
